| TOP OF THE 1ST |
|
Pompano Beach Stingrays batting - Pitching for Cocoa Flyers : RHP Ken Pryce
|
|
Pitching: RHP Ken Pryce
|
|
|
Batting: RHB Jorge Villalobos
|
0-0: Foul Ball, location: 2F 0-1: Swinging Strike 0-2: Ball 1-2: Ball 2-2: SINGLE (Groundball, 34D, EV 106.3 MPH)
|
|
Batting: SHB Gene Roof
|
0-0: Grounds into double play, 6-4-3 (Groundball, 6, EV 107.5 MPH)
|
|
Batting: LHB Arnold McCrary
|
0-0: Ball 1-0: Foul Ball, location: 2F 1-1: Ball 2-1: Swinging Strike 2-2: Strikes out swinging
|
| Top of the 1st over - 0 runs, 1 hit, 0 errors, 0 left on base; Pompano Beach 0 - Cocoa 0 |
| BOTTOM OF THE 1ST |
|
Cocoa Flyers batting - Pitching for Pompano Beach Stingrays : LHP Mark Vaji
|
|
Pitching: LHP Mark Vaji
|
|
|
Batting: RHB Danny Arroyo
|
0-0: Ball 1-0: Swinging Strike 1-1: Called Strike 1-2: Strikes out swinging
|
|
Batting: RHB Lorenzo Quintanilla
|
0-0: Ball 1-0: Called Strike 1-1: Foul Ball, location: 2F 1-2: Ball 2-2: Ball 3-2: Strikes out swinging
|
|
Batting: LHB Mike Jones
|
0-0: Ball 1-0: Ball 2-0: Ball 3-0: Called Strike 3-1: Swinging Strike 3-2: SOLO HOME RUN (Flyball, 7LD, EV 111.3 MPH), Distance : 355 ft
|
|
Batting: RHB Larry McNutt
|
0-0: Ball 1-0: Called Strike 1-1: Ball 2-1: Foul Ball, location: 2F 2-2: Strikes out swinging
|
| Bottom of the 1st over - 1 run, 1 hit, 0 errors, 0 left on base; Pompano Beach 0 - Cocoa 1 |
| TOP OF THE 2ND |
|
Pompano Beach Stingrays batting - Pitching for Cocoa Flyers : RHP Ken Pryce
|
|
Batting: RHB Mark Strucher
|
0-0: Ball 1-0: Swinging Strike 1-1: Ball 2-1: SINGLE (Line Drive, 6MD, EV 94.4 MPH)
|
|
Batting: SHB Juan Molina
|
0-0: Swinging Strike 0-1: Ball 1-1: Ball 2-1: Foul Ball, location: 2F 2-2: Fly out, F8 (Flyball, 78M, EV 79.4 MPH)
|
|
Batting: LHB Steve Phillips
|
0-0: Fielders Choice at 2nd, 4-6 (Groundball, 4, EV 109.4 MPH)
|
|
Batting: SHB Maury Ornest
|
0-0: Called Strike 0-1: Ball 1-1: Ball 2-1: Ground out 4-3 (Groundball, 4, EV 106.9 MPH)
|
| Top of the 2nd over - 0 runs, 1 hit, 0 errors, 1 left on base; Pompano Beach 0 - Cocoa 1 |
| BOTTOM OF THE 2ND |
|
Cocoa Flyers batting - Pitching for Pompano Beach Stingrays : LHP Mark Vaji
|
|
Batting: RHB Miguel Dominguez
|
0-0: Ball 1-0: Swinging Strike 1-1: Fly out, F8 (Flyball, 8RM, EV 88.8 MPH)
|
|
Batting: RHB Charles Fick
|
0-0: Ball 1-0: Fly out, F7 (Flyball, 78M, EV 91.9 MPH)
|
|
Batting: RHB Carlos Tirado
|
0-0: Ground out 5-3 (Groundball, 56, EV 101.3 MPH)
|
| Bottom of the 2nd over - 0 runs, 0 hits, 0 errors, 0 left on base; Pompano Beach 0 - Cocoa 1 |
| TOP OF THE 3RD |
|
Pompano Beach Stingrays batting - Pitching for Cocoa Flyers : RHP Ken Pryce
|
|
Batting: RHB William Waag
|
0-0: Ball 1-0: Ball 2-0: Ground out 6-3 (Groundball, 6, EV 85.6 MPH)
|
|
Batting: RHB Jimmy Thomas
|
0-0: Foul Ball, location: 2F 0-1: Ball 1-1: Foul Ball, location: 2F 1-2: Ball 2-2: Ball 3-2: Foul Ball, location: 2F 3-2: Ground out 6-3 (Groundball, 6M, EV 87.5 MPH)
|
|
Batting: RHB Jorge Villalobos
|
0-0: Swinging Strike 0-1: Ball 1-1: Ball 2-1: Ground out 6-3 (Groundball, 56, EV 88.8 MPH)
|
| Top of the 3rd over - 0 runs, 0 hits, 0 errors, 0 left on base; Pompano Beach 0 - Cocoa 1 |
| BOTTOM OF THE 3RD |
|
Cocoa Flyers batting - Pitching for Pompano Beach Stingrays : LHP Mark Vaji
|
|
Batting: RHB Jorge Diaz
|
0-0: Called Strike 0-1: Ball 1-1: Ball 2-1: Ball 3-1: Base on Balls
|
|
Batting: RHB Rhett Whisman
|
0-0: Grounds into double play, 4-6-3 (Groundball, 4S, EV 76.3 MPH)
|
|
Batting: RHB Danny Arroyo
|
0-0: Ball 1-0: Ball 2-0: Ball 3-0: Called Strike 3-1: TRIPLE (Flyball, 78XD, EV 95.0 MPH)
|
|
Batting: RHB Lorenzo Quintanilla
|
0-0: Ball 1-0: Ground out 6-3 (Groundball, 6S, EV 85.6 MPH)
|
| Bottom of the 3rd over - 0 runs, 1 hit, 0 errors, 1 left on base; Pompano Beach 0 - Cocoa 1 |
| TOP OF THE 4TH |
|
Pompano Beach Stingrays batting - Pitching for Cocoa Flyers : RHP Ken Pryce
|
|
Batting: SHB Gene Roof
|
0-0: Foul Ball, location: 2F 0-1: Ball 1-1: Ball 2-1: Called Strike 2-2: Strikes out looking
|
|
Batting: LHB Arnold McCrary
|
0-0: Ball 1-0: Fly out, F7 (Line Drive, 7S, EV 111.3 MPH)
|
|
Batting: RHB Mark Strucher
|
0-0: Foul Ball, location: 2F 0-1: Called Strike 0-2: Strikes out swinging
|
| Top of the 4th over - 0 runs, 0 hits, 0 errors, 0 left on base; Pompano Beach 0 - Cocoa 1 |
| BOTTOM OF THE 4TH |
|
Cocoa Flyers batting - Pitching for Pompano Beach Stingrays : LHP Mark Vaji
|
|
Batting: LHB Mike Jones
|
0-0: Ball 1-0: Called Strike 1-1: Ball 2-1: Foul Ball, location: 2F 2-2: SINGLE (Groundball, 56D, EV 101.3 MPH)
|
|
Batting: RHB Larry McNutt
|
0-0: Ball 1-0: Grounds into double play, 5-4-3 (Groundball, 56, EV 92.5 MPH)
|
|
Batting: RHB Miguel Dominguez
|
0-0: Swinging Strike 0-1: Ball 1-1: Ball 2-1: Swinging Strike 2-2: Strikes out looking
|
| Bottom of the 4th over - 0 runs, 1 hit, 0 errors, 0 left on base; Pompano Beach 0 - Cocoa 1 |
| TOP OF THE 5TH |
|
Pompano Beach Stingrays batting - Pitching for Cocoa Flyers : RHP Ken Pryce
|
|
Batting: SHB Juan Molina
|
0-0: Swinging Strike 0-1: Ball 1-1: Ground out 4-3 (Groundball, 4, EV 91.3 MPH)
|
|
Batting: LHB Steve Phillips
|
0-0: Called Strike 0-1: Swinging Strike 0-2: Ball 1-2: Strikes out swinging
|
|
Batting: SHB Maury Ornest
|
0-0: Ball 1-0: Swinging Strike 1-1: Fly out, F7 (Flyball, 78D, EV 89.4 MPH)
|
| Top of the 5th over - 0 runs, 0 hits, 0 errors, 0 left on base; Pompano Beach 0 - Cocoa 1 |
| BOTTOM OF THE 5TH |
|
Cocoa Flyers batting - Pitching for Pompano Beach Stingrays : LHP Mark Vaji
|
|
Batting: RHB Charles Fick
|
0-0: Ball 1-0: Ball 2-0: Ball 3-0: Base on Balls
|
|
Batting: RHB Carlos Tirado
|
0-0: Foul Ball, location: 2F 0-1: Bunted foul 0-2: Fly out, F8 (Line Drive, 8RD, EV 94.4 MPH)
|
|
Batting: RHB Jorge Diaz
|
0-0: Ball 1-0: Ball 2-0: Ball 3-0: Called Strike 3-1: Foul Ball, location: 2F 3-2: Foul Ball, location: 2F 3-2: SINGLE (Line Drive, 6D, EV 108.8 MPH) Charles Fick to second
|
|
Batting: RHB Rhett Whisman
|
0-0: Ball 1-0: Ball 2-0: Ball Charles Fick is caught stealing 3rd base 2-5 Jorge Diaz to second 3-0: Called Strike 3-1: Ground out 5-3 (Groundball, 56, EV 90.0 MPH)
|
| Bottom of the 5th over - 0 runs, 1 hit, 0 errors, 1 left on base; Pompano Beach 0 - Cocoa 1 |
| TOP OF THE 6TH |
|
Pompano Beach Stingrays batting - Pitching for Cocoa Flyers : RHP Ken Pryce
|
|
Batting: RHB William Waag
|
0-0: SINGLE (Flyball, 8LS, EV 93.8 MPH)
|
|
Batting: RHB Jimmy Thomas
|
0-0: Ball 1-0: Ball 2-0: Called Strike 2-1: Swinging Strike 2-2: Foul Ball, location: 2F 2-2: Strikes out swinging
|
|
Batting: RHB Jorge Villalobos
|
0-0: Ball 1-0: Foul Ball, location: 2F 1-1: Swinging Strike 1-2: Ball 2-2: Fly out, F7 (Flyball, 78D, EV 80.0 MPH)
|
|
Batting: SHB Gene Roof
|
0-0: Ball 1-0: Swinging Strike 1-1: Foul Ball, location: 2F 1-2: Foul Ball, location: 2F 1-2: Ground out 4-3 (Groundball, 34, EV 78.8 MPH)
|
| Top of the 6th over - 0 runs, 1 hit, 0 errors, 1 left on base; Pompano Beach 0 - Cocoa 1 |
| BOTTOM OF THE 6TH |
|
Cocoa Flyers batting - Pitching for Pompano Beach Stingrays : LHP Mark Vaji
|
|
Batting: RHB Danny Arroyo
|
0-0: Called Strike 0-1: Ball 1-1: SINGLE (Groundball, 56, EV 93.8 MPH)
|
|
Batting: RHB Lorenzo Quintanilla
|
0-0: Ball 1-0: Ball 2-0: Bunted foul 2-1: Bunted foul 2-2: Foul Ball, location: 2F 2-2: Foul Ball, location: 2F 2-2: Ball 3-2: Ground out 6-3 (Groundball, 6S, EV 58.8 MPH) Danny Arroyo to second
|
|
Batting: LHB Mike Jones
|
0-0: Called Strike 0-1: Ball 1-1: Foul Ball, location: 2F 1-2: Fly out, F7 (Line Drive, 7, EV 88.8 MPH)
|
|
Batting: RHB Larry McNutt
|
0-0: Called Strike 0-1: Foul Ball, location: 2F 0-2: Ball 1-2: Strikes out swinging
|
| Bottom of the 6th over - 0 runs, 1 hit, 0 errors, 1 left on base; Pompano Beach 0 - Cocoa 1 |
| TOP OF THE 7TH |
|
Pompano Beach Stingrays batting - Pitching for Cocoa Flyers : RHP Ken Pryce
|
|
Batting: LHB Arnold McCrary
|
0-0: Called Strike 0-1: Ball 1-1: Foul Ball, location: 2F 1-2: Foul Ball, location: 2F 1-2: Ball 2-2: Fly out, F7 (Flyball, 7LM, EV 105.0 MPH)
|
|
Batting: RHB Mark Strucher
|
0-0: Called Strike 0-1: Swinging Strike 0-2: Strikes out looking
|
|
Batting: SHB Juan Molina
|
0-0: SINGLE (Line Drive, 7LM, EV 100.0 MPH)
|
|
Pinch Hitting: SHB Tom Barrett
|
0-0: Called Strike 0-1: Called Strike 0-2: Foul Ball, location: 2F 0-2: Ball 1-2: Foul Ball, location: 2F 1-2: Foul Ball, location: 2F 1-2: Foul Ball, location: 2F 1-2: SINGLE (Line Drive, 89M, EV 105.6 MPH) Juan Molina to second
|
|
Batting: SHB Maury Ornest
|
0-0: Fly out, F9 (Line Drive, 9, EV 92.5 MPH)
|
| Top of the 7th over - 0 runs, 2 hits, 0 errors, 2 left on base; Pompano Beach 0 - Cocoa 1 |
| BOTTOM OF THE 7TH |
|
Cocoa Flyers batting - Pitching for Pompano Beach Stingrays : LHP Mark Vaji
|
|
Now at SS: Tom Barrett
|
|
|
Batting: RHB Miguel Dominguez
|
0-0: Fly out, F8 (Line Drive, 8LM, EV 86.3 MPH)
|
|
Batting: RHB Charles Fick
|
0-0: Ball 1-0: Called Strike 1-1: Hit by Pitch
|
|
Batting: RHB Carlos Tirado
|
0-0: Called Strike 0-1: Called Strike 0-2: Ball 1-2: Ball 2-2: Ball 3-2: 2-RUN HOME RUN (Line Drive, 78XD, EV 105.0 MPH), Distance : 429 ft
|
|
Batting: RHB Jorge Diaz
|
0-0: Called Strike 0-1: Ball 1-1: Ball 2-1: Ground out U3 (Groundball, 34S, EV 81.3 MPH)
|
|
Batting: RHB Rhett Whisman
|
0-0: Ball 1-0: Called Strike 1-1: Foul Ball, location: 2F 1-2: Ground out 4-3 (Groundball, P, EV 81.3 MPH)
|
| Bottom of the 7th over - 2 runs, 1 hit, 0 errors, 0 left on base; Pompano Beach 0 - Cocoa 3 |
| TOP OF THE 8TH |
|
Pompano Beach Stingrays batting - Pitching for Cocoa Flyers : RHP Ken Pryce
|
|
Now at 2B: Scott Pleis
|
|
|
Batting: RHB William Waag
|
0-0: Swinging Strike 0-1: Ball 1-1: Ball 2-1: Ground out 4-3 (Groundball, 4, EV 92.5 MPH)
|
|
Batting: RHB Jimmy Thomas
|
0-0: Foul Ball, location: 2F 0-1: Ball 1-1: SINGLE (Groundball, 3D, EV 106.9 MPH)
|
|
Batting: RHB Jorge Villalobos
|
0-0: SINGLE (Groundball, 34D, EV 101.3 MPH) Jimmy Thomas to second Runner from 2nd tries for 3rd, SAFE, no throw by RF
|
|
Batting: SHB Gene Roof
|
0-0: Ball 1-0: Called Strike 1-1: Fielders Choice at 2nd, 6-4 (Groundball, 6D, EV 95.6 MPH) Jimmy Thomas scores
|
|
Batting: LHB Arnold McCrary
|
0-0: Ball 1-0: Swinging Strike 1-1: SINGLE (Flyball, 8RS, EV 95.0 MPH) Gene Roof to second
|
|
Pitching: RHP Jeffery Vail
|
|
|
Batting: RHB Mark Strucher
|
0-0: Ball 1-0: Foul Ball, location: 2F 1-1: Fly out, F9 (Flyball, 89D, EV 97.5 MPH)
|
| Top of the 8th over - 1 run, 3 hits, 0 errors, 2 left on base; Pompano Beach 1 - Cocoa 3 |
| BOTTOM OF THE 8TH |
|
Cocoa Flyers batting - Pitching for Pompano Beach Stingrays : LHP Mark Vaji
|
|
Batting: RHB Danny Arroyo
|
0-0: Ball 1-0: Ball 2-0: Ball 3-0: Called Strike 3-1: Ground out 6-3 (Groundball, 56, EV 83.1 MPH)
|
|
Batting: RHB Lorenzo Quintanilla
|
0-0: Ball 1-0: Swinging Strike 1-1: Called Strike 1-2: Ball 2-2: Ball 3-2: Strikes out swinging
|
|
Batting: LHB Mike Jones
|
0-0: Called Strike 0-1: Ground out 4-3 (Groundball, 34D, EV 91.3 MPH)
|
| Bottom of the 8th over - 0 runs, 0 hits, 0 errors, 0 left on base; Pompano Beach 1 - Cocoa 3 |
| TOP OF THE 9TH |
|
Pompano Beach Stingrays batting - Pitching for Cocoa Flyers : RHP Jeffery Vail
|
|
Now in RF: Michael Palmer
|
|
|
Batting: SHB Juan Molina
|
0-0: Foul Ball, location: 2F 0-1: Ball 1-1: Ball 2-1: Ball 3-1: Base on Balls
|
|
Batting: SHB Tom Barrett
|
0-0: Foul Ball, location: 2F 0-1: Fly out, F8 (Flyball, 8LD, EV 81.9 MPH)
|
|
Batting: SHB Maury Ornest
|
0-0: Called Strike 0-1: Ball 1-1: Ball 2-1: Ball 3-1: Base on Balls Juan Molina to second
|
|
Batting: RHB William Waag
|
0-0: Reached on error, E5 (Groundball, 56, EV 81.9 MPH) Juan Molina to third Maury Ornest to second
|
|
Batting: RHB Jimmy Thomas
|
0-0: Ball 1-0: Called Strike 1-1: Ball 2-1: Ball 3-1: Grounds into fielders choice 1-2 (Groundball, 13S, EV 74.4 MPH) Maury Ornest to third William Waag to second
|
|
Batting: RHB Jorge Villalobos
|
0-0: Ball 1-0: SINGLE (Line Drive, 5D, EV 100.0 MPH) Maury Ornest scores William Waag to third Jimmy Thomas to second Runner from 3rd tries for Home, SAFE, throw by LF to home
|
|
Batting: SHB Gene Roof
|
0-0: Called Strike 0-1: Called Strike 0-2: Foul Ball, location: 2F 0-2: Ball 1-2: Ball 2-2: Strikes out swinging
|
| Top of the 9th over - 2 runs, 1 hit, 1 error, 2 left on base; Pompano Beach 3 - Cocoa 3 |
| BOTTOM OF THE 9TH |
|
Cocoa Flyers batting - Pitching for Pompano Beach Stingrays : LHP Mark Vaji
|
|
Batting: RHB Larry McNutt
|
0-0: Ball 1-0: Foul Ball, location: 2F 1-1: Hit by Pitch
|
|
Batting: RHB Miguel Dominguez
|
0-0: Ball 1-0: Ball 2-0: Foul Ball, location: 2F 2-1: Ball 3-1: SINGLE (Groundball, 34D, EV 95.6 MPH) Larry McNutt to second Runner from 2nd tries for 3rd, SAFE, throw by RF made to third
|
|
Batting: RHB Charles Fick
|
0-0: Called Strike 0-1: Called Strike 0-2: Ball 1-2: Ground out 6-3 (Groundball, 6, EV 88.1 MPH) Miguel Dominguez to second
|
|
Batting: RHB Carlos Tirado
|
0-0: Ball 1-0: Ground out 5-3 (Groundball, 56S, EV 80.6 MPH)
|
|
Batting: RHB Scott Pleis
|
0-0: Called Strike 0-1: Foul Ball, location: 2F 0-2: Ball 1-2: Foul Ball, location: 2F 1-2: Ball 2-2: Ball 3-2: Strikes out swinging
|
| Bottom of the 9th over - 0 runs, 1 hit, 0 errors, 2 left on base; Pompano Beach 3 - Cocoa 3 |
| TOP OF THE 10TH |
|
Pompano Beach Stingrays batting - Pitching for Cocoa Flyers : RHP Jeffery Vail
|
|
Pitching: LHP Clifford Mackey
|
|
|
Pinch Hitting: RHB Kenneth Feinberg
|
0-0: Ball 1-0: Swinging Strike 1-1: Ball 2-1: Fly out, F8 (Flyball, 89D, EV 98.8 MPH)
|
|
Batting: RHB Mark Strucher
|
0-0: Swinging Strike 0-1: SOLO HOME RUN (Flyball, 78XD, EV 95.0 MPH), Distance : 411 ft
|
|
Batting: SHB Juan Molina
|
0-0: Foul Ball, location: 2F 0-1: Fly out, F9 (Flyball, 9D, EV 106.9 MPH)
|
|
Batting: SHB Tom Barrett
|
0-0: Ball 1-0: Called Strike 1-1: Called Strike 1-2: Ground out 6-3 (Groundball, 6, EV 91.9 MPH)
|
| Top of the 10th over - 1 run, 1 hit, 0 errors, 0 left on base; Pompano Beach 4 - Cocoa 3 |
| BOTTOM OF THE 10TH |
|
Cocoa Flyers batting - Pitching for Pompano Beach Stingrays : LHP Mark Vaji
|
|
Pitching: RHP Don Kainer
|
|
|
Now in LF: Craig Johnson
|
|
|
Pinch Hitting: LHB Shanie Dugas
|
0-0: Called Strike 0-1: Foul Ball, location: 2F 0-2: Ball 1-2: Ground out 5-3 (Groundball, 5, EV 78.8 MPH)
|
|
Pinch Hitting: LHB Gary Robertson
|
0-0: Ball 1-0: Called Strike 1-1: Ball 2-1: Foul Ball, location: 2F 2-2: Foul Ball, location: 2F 2-2: SINGLE (Groundball, 4D, EV 103.1 MPH)
|
|
Pinch Hitting: LHB Clint Hurdle
|
0-0: Ball 1-0: Called Strike 1-1: Called Strike 1-2: 2-RUN HOME RUN (Flyball, 9D, EV 106.9 MPH), Distance : 347 ft
|
| Bottom of the 10th over - 2 runs, 2 hits, 0 errors, 0 left on base; Pompano Beach 4 - Cocoa 5 |
|